 Dungeon Crawl Stone Soup version 0.27.1-34-g3ba077fa99 (webtiles) character file.

Game seed: 15963768844203963695

3 cbfl8 the Sneak (level 1, -1/20 HPs)
             Began as a Minotaur Delver on Jan 20, 2022.
             Slain by an adder (2 damage)
             ... on level 3 of the Dungeon.
             The game lasted 00:00:12 (29 turns).

cbfl8 the Sneak (Minotaur Delver)                     Turns: 29, Time: 00:00:12

Health: -1/20      AC:  3    Str: 16    XL:     1   Next: 41%
Magic:  0/0        EV: 11    Int:  7    God:
Gold:   0          SH:  0    Dex: 11    Spells: 0/0 levels left

rFire    . . .     SeeInvis .   a - +0 hand axe
rCold    . . .     Faith    .   (no shield)
rNeg     . . .     Spirit   .   b - +0 leather armour
rPois    .         Reflect  .   (helmet restricted)
rElec    .         Harm     .   (no cloak)
rCorr    .         Rampage  .   (no gloves)
Will     .....                  (no boots)
Stlth    ++........             (no amulet)
HPRegen  0.06/turn              (no ring)
MPRegen  0.07/turn              (no ring)

@: lethally poisoned (-1 -> -2)
A: horns 2, retaliatory headbutt
a: no special abilities


You were on level 3 of the Dungeon.
You visited 1 branch of the dungeon, and saw 3 of its levels.

Inventory:

Hand Weapons
 a - a +0 hand axe (weapon)
Armour
 b - a +0 leather armour (worn)
Wands
 g - a wand of digging (3)
Scrolls
 c - a scroll of fog
 d - a scroll of magic mapping
 e - a scroll of fear
Potions
 f - a potion of haste
 h - a potion of flight {unknown}


   Skills:
 + Level 3.6 Fighting
 + Level 2.4 Axes
 + Level 2.2 Dodging
 + Level 4.2 Stealth


You couldn't memorise any spells.
You didn't know any spells.
Your spell library was empty.

Dungeon Overview and Level Annotations

Branches:
Dungeon (5/15)
 Temple: D:4-7

Altars:

Annotations:
D:5 1 runed translucent door


Innate Abilities, Weirdness & Mutations

You have a pair of horns on your head.
You reflexively headbutt those who attack you in melee.


Message History

There is a stone staircase leading down here.
You barely miss the adder. The adder bites you but does no damage.
You miss the adder. Your headbutt misses the adder.
The adder closely misses you. You furiously retaliate!
You headbutt the adder. The adder bites you.
You are poisoned.
The adder poisons you!
You closely miss the adder.
The adder is lightly wounded.
You feel sick. The adder barely misses you. You furiously retaliate!
You headbutt the adder. You closely miss the adder.
The adder is heavily wounded.
You feel sick. The adder bites you. The adder closely misses you.
You hit the adder but do no damage. Your headbutt misses the adder.
The adder is heavily wounded.
You feel sick.
You are no longer poisoned.
The adder bites you.
You completely miss the adder.
The adder is heavily wounded.
The adder bites you.
* * * LOW HITPOINT WARNING * * *
The adder closely misses you.
You barely miss the adder. Your headbutt misses the adder.
The adder is heavily wounded.
The adder bites you but does no damage.
You miss the adder.
You headbutt the adder, but do no damage.
The adder is heavily wounded.
The adder bites you.
* * * LOW HITPOINT WARNING * * *
You are lethally poisoned!
The adder poisons you! The adder bites you but does no damage.
Unknown command.
You completely miss the adder. Your headbutt misses the adder.
The adder is heavily wounded.
* * * LOW HITPOINT WARNING * * *
You feel sick. The adder bites you.
You die... ##############. ......S@....... .##############

You could see an adder.

Vanquished Creatures
  An orc (D:4)
  An endoplasm (D:4)
2 creatures vanquished.

Notes
Turn   | Place    | Note
-------+----------+-------------------------------------------
     0 | D:5      | cbfl8 the Minotaur Delver began the quest for the Orb.
     0 | D:5      | Reached XP level 1. HP: 19/19 MP: 0/0
    29 | D:3      | HP: 1/20 [poisoned by an adder]
    29 | D:3      | Slain by an adder

Illustrated notes

Levels and vault maps discovered:
D:3:      layout_loops_ring, kennysheep_cross_room
D:4:      layout_rooms, mainiacjoe_overflow_tiny_flanked
D:5:      minmay_chambers_of_fours, layout_basic, marbit_many_paths,
          minmay_temple_entry_enclosed_plants, gammafunk_ghost_split,
          minmay_strange_pillars, grunt_ministairs_10

Action                   || total
-------------------------++-------
Melee: Hand axe          ||    11
       Headbutt          ||     3
Armor: Leather armour    ||     6
Dodge: Dodged            ||    11
